cohdb
Replays
Latest Replays
All Replays
Popular Replays
Top Player Replays
Match Explorer
How It Works
Community
CoH3 Stats
Reddit
Sign in to upload your games and track your stats! →
Sign in with Steam
Match 45708157
Unlisted
Match 45708157
Overview
Messages
Build Orders
End
Selects Italian Combined Arms Battlegroup
Selects Bersaglieri Squad
Bersaglieri Squad
250 Light Carrier
Bersaglieri Squad
Bersaglieri Squad
Selects Bersaglieri Bolster
Construct Light Support Kompanie
Combat Half-tracks
Panzerjäger Mechanized Group
2.5-tonne Medical Truck
Selects Breda Model 30 Light Machine Guns
MG34 Team
Construct Mechanized Kompanie
Selects Semovente da 75/18 Assault Gun
Semovente da 75/18 Assault Gun
254 Reconnaissance Tractor
Selects Strafing Run
2.5-tonne Medical Truck
Strafing Run
Strafing Run
Jason_Beebe
BusanStyle
(zek✿)
不可抱萌物
.Scarlet.
Exf
Gravey
HAKA
0
0
Comments
sign in to comment!
No comments posted yet!